General information
- name: Local Game (DJOrwell)
- type: Custom game
- host: DJOrwell
- saver: DJOrwell
map: BootyBay
- players: 2
- length: 29:46
- speed: Fast
- version: 1.26 W3XP
- replay type: Public
» download(150 KB)
Players
team 1 (winner)
DJOrwell (
red | 49 APM | 1472 actions | 29:46)
6 Archmage
2 Summon Water Elemental
3 Brilliance Aura
1 Mass Teleport
3 Paladin
2 Holy Light
1 Devotion Aura
» actions
| Assign group hotkey | 24 | |
| Build / train | 104 | |
| Enter build submenu | 34 | |
| Enter hero's abilities submenu | 9 | |
| Remove unit from queue | 7 | |
| Right click | 632 | |
| Select / deselect | 453 | |
| Select group hotkey | 145 | |
| Use ability | 61 | |
1472 total
» units
| Peasant | 20 | |
| Footman | 9 | |
| Rifleman | 11 | |
| Knight | 4 | |
| Priest | 2 | |
| Dragonhawk Rider | 9 | |
| Goblin Zeppelin | 1 | |
56 total
» upgrades
| Masonry | 3 | |
| Swords | 3 | |
| Plating | 3 | |
| Gunpowder | 2 | |
| Armor | 2 | |
| Lumber Harvesting | 2 | |
| Defend | 1 | |
| Long Rifles | 1 | |
| Animal War Training | 1 | |
| Backpack | 1 | |
19 total
» buildings
| Altar of Kings | 1 | |
| Barracks | 1 | |
| Farm | 12 | |
| Arcane Vault | 1 | |
| Blacksmith | 1 | |
| Lumber Mill | 1 | |
| Keep | 1 | |
| Castle | 1 | |
| Scout Tower | 6 | |
| Guard Tower | 6 | |
| Town Hall | 2 | |
| Arcane Sanctum | 2 | |
| Gryphon Aviary | 2 | |
37 total
» build order
00:21 Altar of Kings
00:34 Barracks
00:55 Farm
01:52 Farm
02:16 Arcane Vault
02:31 Farm
03:24 Blacksmith
03:30 Farm
04:07 Farm
04:22 Lumber Mill
05:13 Farm
05:59 Keep
06:10 Farm
07:14 Farm
08:22 Farm
08:24 Castle
09:13 Farm
10:07 Scout Tower
11:30 Guard Tower
11:32 Scout Tower
12:16 Guard Tower
13:18 Town Hall
18:24 Arcane Sanctum
18:29 Scout Tower
19:26 Scout Tower
19:27 Guard Tower
20:06 Guard Tower
20:09 Scout Tower
20:18 Arcane Sanctum
20:44 Gryphon Aviary
20:53 Guard Tower
21:14 Farm
21:19 Scout Tower
22:10 Guard Tower
22:44 Farm
22:48 Gryphon Aviary
23:48 Town Hall
» items
| Scroll of Regeneration | 2 | |
| Scroll of Town Portal | 1 | |
3 total
team 2 (loser)
HAL9001 (
blue | 48 APM | 1412 actions | 29:42)
2 Blood Mage
1 Flame Strike
1 Banish
1 Paladin
1 Devotion Aura
» actions
| Build / train | 75 | |
| Enter build submenu | 21 | |
| Enter hero's abilities submenu | 3 | |
| Remove unit from queue | 1 | |
| Right click | 735 | |
| Select / deselect | 529 | |
| Use ability | 48 | |
1412 total
» units
| Peasant | 6 | |
| Footman | 11 | |
| Rifleman | 7 | |
| Dragonhawk Rider | 4 | |
| Gryphon Rider | 11 | |
| Sorceress | 2 | |
41 total
» upgrades
| Masonry | 2 | |
| Defend | 1 | |
| Swords | 2 | |
| Plating | 1 | |
| Lumber Harvesting | 2 | |
| Long Rifles | 1 | |
| Gunpowder | 1 | |
| Sorceress Training | 1 | |
| Animal War Training | 1 | |
12 total
» buildings
| Altar of Kings | 1 | |
| Farm | 6 | |
| Barracks | 1 | |
| Lumber Mill | 1 | |
| Scout Tower | 4 | |
| Blacksmith | 1 | |
| Guard Tower | 4 | |
| Keep | 1 | |
| Arcane Vault | 1 | |
| Gryphon Aviary | 1 | |
| Castle | 1 | |
| Arcane Tower | 1 | |
| Arcane Sanctum | 1 | |
24 total
» build order
00:07 Altar of Kings
00:12 Farm
00:18 Barracks
01:12 Lumber Mill
01:35 Farm
03:01 Scout Tower
03:46 Blacksmith
03:51 Guard Tower
04:33 Farm
04:55 Scout Tower
05:21 Keep
05:31 Farm
05:48 Guard Tower
06:59 Scout Tower
07:34 Arcane Vault
07:40 Guard Tower
07:47 Farm
08:35 Gryphon Aviary
09:23 Scout Tower
11:58 Castle
12:08 Arcane Tower
12:15 Farm
15:27 Arcane Sanctum
19:40 Guard Tower
» items
| Potion of Healing | 2 | |
| Mechanical Critter | 1 | |
| Potion of Mana | 2 | |
| Ivory Tower | 3 | |
| Scroll of Town Portal | 1 | |
9 total
Chat log
(10:27 / All) DJOrwell: oh shit micro fail
(13:28 / All) DJOrwell: whoa spike
(13:33 / All) HAL9001: yup
(13:37 / All) DJOrwell: spiiiiiiiiiiike
(17:49 / All) DJOrwell: FUCK
(19:36 / All) DJOrwell: OMG U CHEEEEEESER
(21:28 / All) DJOrwell: you are so pathetic raaaaaaaaaaar
(21:56 / All) DJOrwell: lol apparently the only counter to air is more air
(23:25 / All) DJOrwell: YOU'RE SO BORING OH MY GOD
(24:54 / All) DJOrwell: yep only counter to air is air
(27:57 / All) DJOrwell: THIS DOESN'T BODE WELL FOR YOU
(29:27 / All) DJOrwell: lol you're out of gold
(29:38 / All) HAL9001: fucking hate expansion in this game